 Dungeon Crawl Stone Soup version 0.19-a0-1908-g43c011f (webtiles) character file.

465 Promi the Conjurer (level 6, -9/50 HPs)
             Began as a Draconian Conjurer on Oct 22, 2016.
             Was an Initiate of Vehumet.
             Killed by nerve-wracking pain
             ... invoked by Grinder
              (11 damage)
             ... on level 4 of the Dungeon.
             The game lasted 00:18:21 (4567 turns).

Promi the Conjurer (Draconian Conjurer)             Turns: 4567, Time: 00:18:22

Health: -9/50      AC:  9    Str: 11      XL:     6   Next: 80%
Magic:  7/21       EV: 13    Int: 16 (17) God:    Vehumet [......]
Gold:   260        SH:  0    Dex: 10 (11) Spells: 4 memorised, 3 levels left

rFire  . . .     SeeInvis .     k - +1 dagger (elec)
rCold  . . .     Gourm    .     (armour unavailable)
rNeg   . . .     Faith    +     (no shield)
rPois  .         Spirit   .     (helmet restricted)
rElec  .         Reflect  .     u - +2 cloak
rCorr  +         Harm     .     (no gloves)
MR     .....                    (no boots)
Stlth  ++........               i - amulet of faith
                                s - ring of resist corrosion
                                n - ring of magical power

@: very slightly contaminated
A: unfitting armour, cold-blooded, AC +6
a: Renounce Religion


You were on level 4 of the Dungeon.
You worshipped Vehumet.
Vehumet was noncommittal.
You were hungry.

You visited 2 branches of the dungeon, and saw 5 of its levels.

You collected 260 gold pieces.

Inventory:

Hand Weapons
 k - a +1 dagger of electrocution (weapon)
 v - a +2 dagger of venom
Armour
 u - a +2 cloak (worn)
Jewellery
 i - an amulet of faith (around neck)
 n - a ring of magical power (left hand)
 s - a ring of resist corrosion (right hand)
Scrolls
 d - a scroll of blinking
 f - 2 scrolls of recharging
 r - a scroll of teleportation
Books
 a - a book of Conjurations

   Spells                             Type                      Level
   a - Magic Dart                     Conjuration                  1
   b - Searing Ray                    Conjuration                  2
   c - Dazzling Spray                 Conjuration/Hexes            3
   d - Fulminant Prism                Conjuration/Hexes            4
   e - Iskenderun's Mystic Blast      Conjuration                  4
   f - Iskenderun's Battlesphere      Conjuration/Charms           5
Comestibles
 b - 6 bread rations


   Skills:
 + Level 2.7 Fighting
 + Level 3.2 Dodging
 - Level 1.7 Stealth
 - Level 0.2 Unarmed Combat
 * Level 4.0 Spellcasting
 * Level 5.8 Conjurations


You had 3 spell levels left.
You knew the following spells:

 Your Spells              Type           Power        Failure   Level  Hunger
a - Magic Dart            Conj           ###.         1%          1    None
b - Searing Ray           Conj           ###...       2%          2    ##.....
c - Dazzling Spray        Conj/Hex       ##....       17%         3    ###....
d - Iskenderun's Mystic   Conj           ###.....     17%         4    ####...


Dungeon Overview and Level Annotations

Branches:
Dungeon (4/15)             Temple (1/1) D:4

Altars:
Ashenzari
Cheibriados
Dithmenos
Elyvilon
Fedhas
Gozag
Hepliaklqana
Kikubaaqudgha
Makhleb
Nemelex Xobeh
Okawaru
Qazlal
Ru
Sif Muna
Trog
Uskayaw
Vehumet
Xom
Yredelemnul
Zin
The Shining One

Annotations:
D:4 Grinder


Innate Abilities, Weirdness & Mutations

Your plain brown scales are hard. (AC +6)
You cannot fit into any form of body armour.
You are cold-blooded and may be slowed by cold attacks.


Message History

Grinder is heavily wounded.
Grinder misses you.
The searing ray hits Grinder.
Grinder is severely wounded.
Grinder hits you!
* * * LOW HITPOINT WARNING * * *
You writhe in agony.
* * * LOW HITPOINT WARNING * * *
The searing ray hits Grinder.
Grinder is almost dead.
Grinder hits you.
* * * LOW HITPOINT WARNING * * *
You writhe in agony.
* * * LOW HITPOINT WARNING * * *
The searing ray hits Grinder.
Grinder is almost dead.
You finish channeling your searing ray.
Grinder gestures at you. Pain shoots through your body!
You die...

########.###.# #......#
*⌠,,,⌠#.###.#####......###
******,,,,,#.................>###
>,,,,+,,_,,#.###)####..#..#.#....
******,,,,,#.###)# #..#..#.#..##
*⌠,,,⌠#..##.# #..#.[#.#..#.
******##.##.# #..#.........
#..#.####..##.#.#..#.
#...@5.##.....#.#..#.
#.!.##.##.##....#..#.
#...#*,#...........#.
###.#*,#..#...####.#.
#.#*,#..#........#.
*******#.#*,#..#....#####.
****,,,,,,...,,#.......#<# #.
*,,,,,,***##.####<####.#.# #.
*,,,,,,* *...(.....# #.#.###.


You could see Grinder.

Vanquished Creatures
  A phantom (D:4)
  The ghost of Duskembrace the Sneak, an amateur SpEn (D:3)
  A howler monkey (D:3)
  A centaur skeleton (D:4)
  Jessica (D:2)
  Ijyb (D:2)
  Robin (D:3)
  A gnoll (D:1)
  8 adders
  2 oozes (D:1)
  3 dart slugs (D:2)
  A leopard gecko (D:1)
  4 orcs (D:4)
  3 giant cockroaches
  13 goblins
  7 hobgoblins
  8 jackals
  A quokka (D:2)
  A ball python (D:4)
  8 bats
  4 frilled lizards
  6 kobolds
  14 rats
91 creatures vanquished.

Notes
Turn   | Place    | Note
-------+----------+-------------------------------------------
     0 | D:1      | Promi the Draconian Conjurer began the quest for the Orb.
     0 | D:1      | Reached XP level 1. HP: 14/14 MP: 3/3
   158 | D:1      | Reached XP level 2. HP: 20/20 MP: 5/5
   163 | D:1      | Learned a level 2 spell: Searing Ray
   977 | D:1      | Reached XP level 3. HP: 26/27 MP: 6/6
   985 | D:1      | Learned a level 3 spell: Dazzling Spray
  1034 | D:2      | Noticed Jessica
  1541 | D:2      | Noticed Ijyb
  1556 | D:2      | Killed Ijyb
  1556 | D:2      | Reached skill level 1 in Fighting
  1556 | D:2      | Reached XP level 4. HP: 32/35 MP: 0/8
  1672 | D:2      | Killed Jessica
  1796 | D:2      | Reached skill level 5 in Conjurations
  1921 | D:2      | Reached XP level 5. HP: 35/40 MP: 1/9
  2077 | D:2      | Learned a level 4 spell: Iskenderun's Mystic Blast
  2985 | D:3      | Noticed Robin
  3027 | D:3      | Killed Robin
  3561 | D:3      | Noticed Duskembrace's ghost (amateur SpEn)
  3569 | D:3      | Killed Duskembrace's ghost
  3569 | D:3      | Reached XP level 6. HP: 48/50 MP: 2/11
  3857 | D:4      | Found a staircase to the Ecumenical Temple.
  3866 | Temple   | Entered the Ecumenical Temple
  3968 | Temple   | Became a worshipper of Vehumet
  4553 | D:4      | Noticed Grinder
  4566 | D:4      | HP: 2/50 [Grinder (1)]
  4567 | D:4      | Killed from afar by Grinder

Vault maps used:
D:1:      lemuel_arrival_funnel
D:2:      minmay_pentomino_w4, uniq_iyjb, uniq_jessica
D:3:      kennysheep_big_flooded_room, lemuel_another_geyser, uniq_robin
D:4:      lemuel_upstairs_altar, first_bread, uniq_grinder, uniq_natasha
Temple:   kilobyte_greek_temple

Skill      XL: |  1  2  3  4  5  6 |
---------------+-------------------+-----
Dodging        | 2 3 |  3.2
Fighting       | 1 2 |  2.7
Spellcasting   | 3 4 |  4.0
Conjurations   | 5 |  5.8
Stealth        | |  1.7
Unarmed Combat | |  0.2

Action                   |  1- 3 |  4- 6 || total
-------------------------+-------+-------++-------
Melee: Unarmed           |     6 |       ||     6
       Dagger            |   107 |   124 ||   231
       Tailslap          |     6 |     6 ||    12
 Cast: Magic Dart        |    21 |    19 ||    40
       Searing Ray       |     3 |    17 ||    20
  Use: Scroll            |     1 |    12 ||    13
       Potion            |       |     9 ||     9
 Stab: Sleeping          |     1 |     2 ||     3
  Eat: Chunk             |     3 |     8 ||    11
       Beef jerky        |       |     1 ||     1
Armor: Skin              |    39 |    52 ||    91
Dodge: Dodged            |    87 |   110 ||   197
